cohdb
Replays
Latest Replays
All Replays
Popular Replays
Top Player Replays
Match Explorer
How It Works
Community
CoH3 Stats
Reddit
Sign in to upload your games and track your stats! →
Sign in with Steam
Match 41212077
Unlisted
Match 41212077
Overview
Messages
Build Orders
End
Pioneer Squad
Construct Infanterie Kompanie
Grenadier Squad
MG 42 Machine Gun Team
Selects Terror Battlegroup
Selects Machine Gun Camouflage
Grenadier Squad
Infanterie Officer Quarters
MG 42 Machine Gun Team
Selects Contempt for the Weak
Construct Luftwaffe Kompanie
Jäger Squad
221 Scout Car
Support Elements
Jäger Squad
Wirbelwind Flakpanzer
Jäger Squad
Selects Propaganda Leaflet Drop
Medical Station
Wirbelwind Flakpanzer
Selects V1 Rocket Strike
Marder III M Tank Destroyer
V1 Rocket Strike
jerjawe
MiaKhalifa
0
0
Comments
sign in to comment!
No comments posted yet!